 Dungeon Crawl Stone Soup version 0.22-a0-142-g91cc6d7 (webtiles) character file.

408975 4thArraOfDagon the Wrestler (level 24, -5/184 HPs)
             Began as a Formicid Arcane Marksman on Feb 5, 2018.
             Was a High Priest of Cheibriados.
             Killed from afar by a deep elf mage (20 damage)
             ... with a bolt of lightning
             ... on level 5 of the Vaults.
             The game lasted 01:57:29 (20893 turns).

4thArraOfDagon the Wrestler (FoAM)                 Turns: 20893, Time: 01:57:29

Health: -5/184     AC: 48    Str: 39    XL:     24   Next: 21%
Magic:  30/39      EV: 19    Int: 34    God:    Cheibriados [*****.]
Gold:   933        SH: 31    Dex: 19    Spells: 6/33 levels left

rFire    + . .     SeeInvis +     - Unarmed
rCold    + . .     Gourm    .   E - +7 large shield of the Enchanted Forest {Str+2 Int+2 Dex-3}
rNeg     . . .     Faith    .   G - +11 gold dragon scales "Raheis Hubei" {+Blink +Fly rPois rF+ rC+ Str+3}
rPois    +         Spirit   .   (helmet unavailable)
rElec    .         Reflect  .   d - +2 cloak
rCorr    +         Harm     .   O - +2 pair of gloves {archery}
MR       +++..                  X - +2 pair of boots
Stlth    ..........             Q - amulet of Durhijy {RegenMP rPois Str+4}
HPRegen  0.00/turn              p - ring of Perfectionism {rCorr rPois MP+9 Str-5 SInv}
MPRegen  0.51/turn              Y - +4 ring of slaying

@: mighty, very slightly contaminated, regenerating, very slow
A: permanent stasis, dig shafts and tunnels, four strong arms, antennae 3, fangs
1, talons 2, thin metallic scales 1, yellow scales 1, magic resistance 1,
inhibited regeneration
}: 3/15 runes: decaying, slimy, gossamer
a: Dig, Shaft Self, Bend Time, Temporal Distortion, Slouch, Step From Time,
Renounce Religion, Evoke Flight


You were on level 5 of the Vaults.
You worshipped Cheibriados.
Cheibriados was extremely pleased with you.
You were not hungry.

You visited 9 branches of the dungeon, and saw 45 of its levels.
You visited 1 bazaar.
You also visited: Labyrinth, Bailey and Ice Cave.

You collected 4478 gold pieces.
You spent 3545 gold pieces at shops.

Inventory:

Hand Weapons
 l - the +3 Elemental Staff {rElec rF++ rC++ MR++ AC+5}
   (You found it on level 3 of the Elven Halls)

   It affects your AC (+5).
   It greatly protects you from fire.
   It greatly protects you from cold.
   It insulates you from electricity.
   It affects your resistance to hostile enchantments.
 S - a +9 blowgun
Missiles
 m - 586 bolts
 J - a throwing net (quivered)
 R - 7 curare-tipped needles
Armour
 d - a +2 cloak (worn)
 v - the +15 Maxwell's patent armour {-Cast -Tele rElec MR+ rCorr}
   (You found it on level 3 of the Elven Halls)

   It insulates you from electricity.
   It affects your resistance to hostile enchantments.
   It prevents spellcasting.
   It prevents most forms of teleportation.
   It protects you from acid and corrosion.
 E - the +7 large shield of the Enchanted Forest (worn) {Str+2 Int+2 Dex-3}
   (You found it in a bailey)

   It affects your strength (+2).
   It affects your intelligence (+2).
   It affects your dexterity (-3).
 G - the +11 gold dragon scales "Raheis Hubei" (worn) {+Blink +Fly rPois rF+ rC+ Str+3}
   (You found it in a bailey)

   It affects your strength (+3).
   It protects you from fire.
   It protects you from cold.
   It protects you from poison.
   It lets you fly.
   It lets you blink.
 O - a +2 pair of gloves of archery (worn)
 X - a +2 pair of boots (worn)
Magical Staves
 k - an uncursed staff of air
 r - an uncursed staff of earth
Jewellery
 g - an uncursed ring of positive energy
 j - an uncursed ring of protection from cold
 p - the ring of Perfectionism (left hand) {rCorr rPois MP+9 Str-5 SInv}
   (You took it off a deep elf annihilator on level 3 of the Elven Halls)

   [ring of resist corrosion]

   It affects your strength (-5).
   It protects you from poison.
   It affects your magic capacity (+9).
   It lets you see invisible.
 C - the ring "Gaofanaig" {rN+ Int+4 SInv}
   (You found it on level 3 of the Elven Halls)

   [ring of see invisible]

   It affects your intelligence (+4).
   It protects you from negative energy.
   It lets you see invisible.
 N - an uncursed ring of resist corrosion
 Q - the amulet of Durhijy (around neck) {RegenMP rPois Str+4}
   (You took it off a deep elf annihilator on level 3 of the Elven Halls)

   [amulet of magic regeneration]

   It increases your magic regeneration.
   It affects your strength (+4).
   It protects you from poison.
 Y - a +4 ring of slaying (right hand)
Wands
 n - a wand of iceblast (30)
 w - a wand of acid (21)
 B - a wand of paralysis (5)
Scrolls
 b - 14 scrolls of remove curse
 o - 7 scrolls of fog
 x - a scroll of amnesia
 y - a scroll of acquirement
 A - 11 scrolls of identify
 D - 3 scrolls of fear
 I - 2 scrolls of enchant armour
Potions
 a - 4 potions of brilliance
 e - 4 potions of flight
 h - a potion of heal wounds
 i - a potion of magic
 q - 3 potions of invisibility
 s - a potion of might
 t - 14 potions of curing
 F - 4 potions of ambrosia
 K - 2 potions of agility
 P - a potion of resistance
 Z - 2 potions of cancellation
Books
 u - a book of the Earth

   Spells                             Type                      Level
   a - Leda's Liquefaction            Hexes/Earth                  4
   b - Bolt of Magma                  Conjuration/Fire/Earth       5
   c - Statue Form                    Transmutation/Earth          6
   d - Iron Shot                      Conjuration/Earth            6
   e - Shatter                        Earth                        9
 z - a book of Spatial Translocations

   Spells                             Type                      Level
   a - Blink                          Translocation                2
   b - Shroud of Golubria             Charms/Translocation         2
   c - Lesser Beckoning               Translocation                3
   d - Gell's Gravitas                Translocation                3
   e - Teleport Other                 Translocation                3
   f - Passage of Golubria            Translocation                4
 L - a book of Battle

   Spells                             Type                      Level
   a - Infusion                       Charms                       1
   b - Shroud of Golubria             Charms/Translocation         2
   c - Song of Slaying                Charms                       2
   d - Spectral Weapon                Hexes/Charms                 3
   e - Regeneration                   Charms/Necromancy            3
 V - a book of the Sky

   Spells                             Type                      Level
   a - Summon Lightning Spire         Summoning/Air                4
   b - Silence                        Hexes/Air                    5
   c - Deflect Missiles               Charms/Air                   6
   d - Conjure Ball Lightning         Conjuration/Air              6
   e - Tornado                        Air                          9
Miscellaneous
 H - a phial of floods
 M - a sack of spiders
 U - a lamp of fire
 W - a box of beasts
Comestibles
 f - 53 rations


   Skills:
 + Level 13.8 Fighting
   Level 5.1 Crossbows
 + Level 17.6 Armour
 + Level 15.3 Dodging
 - Level 15.0 Shields
 * Level 22.0 Unarmed Combat
 - Level 5.0 Spellcasting
   Level 3.6 Hexes
 - Level 6.2 Charms
 - Level 6.3 Necromancy
 * Level 9.1 Earth Magic
 - Level 10.0 Invocations
 - Level 3.4 Evocations


You had 6 spell levels left.
You knew the following spells:

 Your Spells              Type           Power        Failure   Level  Hunger
a - Shatter               Erth           ######....   100%        9    #######
b - Regeneration          Chrm/Necr      ######....   8%          3    None
c - Sublimation of Blood  Necr           ######....   3%          2    None
d - Passage of Golubria   Tloc           N/A          97%         4    ###....
e - Statue Form           Tmut/Erth      #####....    100%        6    ######.
f - Lesser Beckoning      Tloc           #.........   67%         3    None


Dungeon Overview and Level Annotations

Branches:
Dungeon (15/15)            Temple (1/1) D:6            Lair (6/6) D:9
  Swamp (4/4) Lair:3       Spider (4/4) Lair:3        Slime (5/5) Lair:5
    Orc (2/2) D:11            Elf (3/3) Orc:2        Vaults (5/5) D:13
  Crypt (0/3) Vaults:3
 Depths: D:15

Altars:
Ashenzari
Cheibriados
Dithmenos
Elyvilon
Fedhas
Gozag
Hepliaklqana
Kikubaaqudgha
Makhleb
Nemelex Xobeh
Qazlal
Ru
Sif Muna
Trog
Uskayaw
Vehumet
Wu Jian
Xom
Yredelemnul
Zin
The Shining One
Beogh
Jiyva

Shops:
D:5 !   D:8 [   D:9 !   Orc:2 =:[(   Vaults:3 !

Annotations:
Lair:2 exclusion: oklob plant


Innate Abilities, Weirdness & Mutations

You cannot be hasted, slowed, berserked, paralysed or teleported.
You can dig through walls and to a lower floor.
Your four strong arms can wield two-handed weapons with a shield.
You have a pair of large antennae on your head. (SInv)
You have very sharp teeth.
You have razor-sharp toenails.
You are partially covered in thin metallic scales. (AC +2)
You are partially covered in yellow scales. (AC +2)
You are resistant to hostile enchantments. (MR+)
You do not regenerate when monsters are visible.


Message History

Cheibriados appreciates the change of pace.
Unknown command.
You feel a little less agile now.
Items here: $ (( )))))))))))) ?? [[[[[[[[ †† Unknown command.
Unknown command.
Casting: Regeneration (safe; 8% risk of failure)
Confirm with . or Enter, or press ? or * to list all spells.
Your skin crawls.
The deep elf mage mumbles some strange words.
The deep elf mage blinks!
A crawling corpse comes into view.
Items here: ))))) ? [[[ Unknown command.
You pound the crawling corpse into fine dust!!!
You destroy the crawling corpse!
Unknown command.
The deep elf mage points at you and mumbles some strange words.
The bolt of lightning hits you!
You die...

#######........##
..........<<.....
.........<..<....
........).<<.....
.................
############).......##
.......)...)..........
#....)))##)..#....#...
....##.)@).).#....#...
##.).))##e.#.#....# ..
....##. .#.#.#....#
.## ....#...#....#
##.......# ..# .#.
.#..# . .# # .#


You could see a deep elf mage.

Vanquished Creatures
  the Royal Jelly (Slime:5)
  An ancient lich (Vaults:5)
  Bai Suzhen (Vaults:2)
  the Lernaean hydra (Swamp:4)
  A golden dragon (Vaults:5)
  2 tentacled monstrosities (Vaults:5)
  Jorgrun (Spider:4)
  A lich (Vaults:5)
  Asterion (Spider:4)
  2 deep elf blademasters (Elf:3)
  2 titans
  A quicksilver dragon (Vaults:5)
  26 acid blobs
  2 deep elf master archers (Elf:3)
  2 tengu reavers (Vaults:5)
  2 sphinxes
  Gastronok (Orc:1)
  4 thorn hunters
  A storm dragon (Vaults:5)
  Kirke (Lair:6)
  11 azure jellies
  The ghost of B1inky the Spry, an adept OpFi of Hepliaklqana (Spider:4)
  2 frost giants
  An iron dragon (Vaults:5)
  2 fire giants (Vaults:5)
  6 ghost moths
  Aizul (Spider:4)
  8 vault wardens
  4 emperor scorpions
  3 orc warlords (Orc:1)
  6 deep elf sorcerers
  A deep elf elementalist (Vaults:5)
  2 war gargoyles (Vaults:5)
  3 stone giants
  4 ironheart preservers
  4 entropy weavers
  10 deep elf demonologists
  8 deep elf annihilators (Elf:3)
  A spark wasp (shapeshifter) (Vaults:5)
  Snorg (Orc:1)
  A spark wasp (Spider:4)
  16 deep elf death magi
  A fire dragon (Vaults:1)
  2 ettins (Vaults:5)
  The ghost of DEFE the Prestidigitator, a journeyman DEAM of Trog (Lair:5)
  A minotaur (Lab)
  6 death oozes (Slime:5)
  6 great orbs of eyes
  A deep elf high priest (Elf:3)
  4 yaktaur captains
  17 hydras
  27 vault guards
  An ice dragon (Vaults:2)
  2 ghost crabs
  3 centaur warriors
  A death knight (Vaults:2)
  23 dancing weapons
  Erica (D:9)
  15 two-headed ogres
  3 alligators (Swamp:1)
  8 death scarabs (Spider:4)
  A two-headed ogre (shapeshifter) (Elf:2)
  A vampire mage (Vaults:3)
  6 death yaks
  2 ogre magi
  A tengu warrior (D:13)
  2 orc high priests (Orc:2)
  Urug (D:13)
  2 small abominations
  21 deep elf knights
  A soul eater (Vaults:3)
  A shadow wraith (Vaults:4)
  Sonja (D:10)
  7 skeletal warriors
  A spriggan druid (Swamp:4)
  A deep troll (Vaults:5)
  A spectral emperor scorpion (Spider:4)
  2 unseen horrors
  A flayed ghost (Vaults:2)
  8 swamp dragons
  5 wizards
  2 spectral wolf spiders (Spider:4)
  2 shambling mangroves
  3 phantasmal warriors (Vaults:5)
  11 deep elf archers
  8 ironbrand convokers
  3 orc knights
  Pikel (D:7)
  69 deep elf magi
  A harpy (shapeshifter) (D:15)
  2 shining eyes
  3 wolf spider zombies (Spider:4)
  10 orc sorcerers
  A harpy (Vaults:1)
  14 orb spiders
  6 oklob plants
  28 wolf spiders
  26 ugly things
  3 cyclopes
  4 moths of wrath
  An ice statue (IceCv)
  7 vault sentinels
  An elephant (shapeshifter) (Elf:1)
  Joseph (D:9)
  A naga mage (D:15)
  4 eyes of devastation
  A guardian serpent (shapeshifter) (Vaults:2)
  A storm dragon simulacrum (Vaults:2)
  2 torpor snails
  9 spiny frogs
  A gargoyle (D:10)
  9 large abominations
  8 spectral redbacks (Spider:4)
  An efreet (D:15)
  7 rime drakes
  8 freezing wraiths
  5 komodo dragons
  A tengu conjurer (D:13)
  15 demonic crawlers
  17 yaktaurs
  A merfolk (shapeshifter) (Vaults:2)
  6 tyrant leeches
  19 polar bears
  29 jumping spiders
  3 spectral jumping spiders (Spider:4)
  A queen bee (Spider:1)
  24 hornets
  3 jumping spider zombies (Spider:4)
  2 spectral tarantellas (Spider:4)
  10 trolls
  90 slime creatures
  13 blink frogs
  A dream sheep (Lair:6)
  A bog body (Swamp:2)
  A raiju (shapeshifter) (Elf:1)
  2 dream sheep (shapeshifter)
  A snapping turtle (shapeshifter) (Vaults:5)
  6 hippogriffs
  2 water elementals
  A hog (Lair:6)
  65 redbacks
  4 wyverns
  3 shadows
  22 tarantellas
  15 spriggans
  A wraith (D:15)
  44 yaks
  5 golden eyes
  2 fire elementals
  Grum (D:10)
  7 basilisks
  A steam dragon (shapeshifter) (Vaults:1)
  2 steam dragons
  7 insubstantial wisps
  15 vampire mosquitoes
  5 wargs
  2 soldier ants (D:14)
  9 swamp worms
  Duvessa (D:7)
  6 water moccasins
  6 porcupines
  2 spectral hornets (Spider:4)
  13 swamp drakes
  2 black bears (Lair:6)
  10 ice beasts
  9 sky beasts
  2 phantoms
  An ice beast (shapeshifter) (D:15)
  A hornet zombie (D:7)
  67 orc warriors
  7 boggarts
  5 eyes of draining
  37 wolves
  17 centaurs
  2 necrophages (D:10)
  17 ogres
  7 crocodiles
  5 elf zombies (Elf:3)
  A big kobold (D:9)
  2 gnoll sergeants (D:6)
  12 bullfrogs
  A wyvern zombie (D:13)
  2 earth elementals (Elf:3)
  Dowan (D:7)
  4 scorpions
  22 killer bees
  5 wights (D:9)
  6 howler monkeys
  4 electric eels
  6 crimson imps
  A human simulacrum (Vaults:1)
  2 centaur zombies
  4 hounds
  3 jellies
  4 gnoll shamans
  An iguana (D:14)
  18 orc priests
  2 centaur skeletons
  21 orc wizards
  2 bullfrog skeletons
  Natasha (thrice) (D:4)
  10 worker ants
  3 hound skeletons
  21 gnolls
  A howler monkey skeleton (D:4)
  12 adders
  2 shadow imps
  An ooze (D:1)
  An adder skeleton (D:4)
  An adder zombie (D:5)
  9 worms
  The ghost of 4thArraOfDagon the Vexing, a weakling FoAM (D:8)
  2 dart slugs
  4 leopard geckos
  120 orcs
  2 ball pythons
  2 giant cockroaches
  12 goblins
  3 hobgoblins
  10 jackals
  4 quokkas
  A ball python skeleton (D:6)
  4 bats
  4 frilled lizards
  8 kobolds
  8 rats
  A crawling corpse (Vaults:5)
  2 plants (Lair:1)
1655 creatures vanquished.

Vanquished Creatures (collateral kills)
  A shining eye (Slime:1)
1 creature vanquished.

Vanquished Creatures (others)
  Donald (Slime:3)
  An alligator (Swamp:2)
  An orc knight (Vaults:5)
  A deep elf mage (Elf:1)
  A slime creature (Swamp:2)
  A spriggan (Swamp:3)
  2 humans (Lair:6)
  An insubstantial wisp (Swamp:2)
  A swamp drake (Swamp:2)
  A slave (D:7)
  A wolf (IceCv)
  4 briar patches (Swamp:4)
  18 fungi
  5 plants (Lair:6)
39 creatures vanquished.

Grand Total: 1695 creatures vanquished

Notes
Turn   | Place    | Note
-------+----------+-------------------------------------------
     0 | D:1      | 4thArraOfDagon the Formicid Arcane Marksman began the quest for the Orb.
     0 | D:1      | Reached XP level 1. HP: 15/15 MP: 2/2
    40 | D:1      | Reached XP level 2. HP: 21/21 MP: 3/3
   230 | D:3      | Reached XP level 3. HP: 26/26 MP: 4/4
   414 | D:4      | Noticed an ogre
   415 | D:4      | Gained mutation: Your magical capacity is low. (-10% MP) [potion of mutation]
   415 | D:4      | Gained mutation: You are weak. (Str -2) [potion of mutation]
   415 | D:4      | Lost mutation: You are weak. (Str -2) [potion of mutation]
   423 | D:4      | You fall through a shaft for 2 floors!
   441 | D:6      | Noticed a bullfrog
   450 | D:6      | Killed a bullfrog
   450 | D:6      | Reached XP level 4. HP: 16/32 MP: 5/5
   479 | D:6      | Reached XP level 5. HP: 18/37 MP: 5/5
   496 | D:6      | Found a shadowy altar of Dithmenos.
   643 | D:6      | Reached skill level 5 in Crossbows
   803 | D:6      | Found a staircase to the Ecumenical Temple.
   824 | Temple   | Entered the Ecumenical Temple
   872 | Temple   | Became a worshipper of Cheibriados the Contemplative
   911 | D:6      | Noticed a bullfrog
   921 | D:6      | Killed a bullfrog
   921 | D:6      | Reached XP level 6. HP: 36/47 MP: 6/6
   942 | D:6      | Noticed an ice beast
   961 | D:5      | Entered Level 5 of the Dungeon
   988 | D:5      | Found Zeni's Distillery.
  1327 | D:5      | Got a faintly humming chain mail
  1338 | D:5      | Identified the +8 chain mail of Tiluipuw {MR++ Str+3} (You found it on level 5 of the Dungeon)
  1401 | D:5      | Bought a potion of might for 48 gold pieces
  1480 | D:4      | Killed an ogre
  1480 | D:4      | Reached skill level 5 in Fighting
  1480 | D:4      | Reached XP level 7. HP: 56/56 MP: 7/7
  1626 | D:4      | Found a deep blue altar of Sif Muna.
  1660 | D:4      | Noticed Natasha
  1661 | D:4      | Reached * piety under Cheibriados
  1663 | D:4      | Killed Natasha
  1746 | D:4      | Noticed Natasha
  1761 | D:4      | Killed Natasha
  1761 | D:4      | Reached XP level 8. HP: 48/67 MP: 8/8
  1769 | D:4      | Found a shattered altar of Ashenzari.
  1770 | D:4      | Found an ornate altar of the Wu Jian Council.
  1771 | D:4      | Found a stormy altar of Qazlal.
  1779 | D:4      | Noticed Natasha
  1797 | D:4      | Killed Natasha
  2082 | D:2      | Found a glowing golden altar of the Shining One.
  2111 | D:2      | Reached ** piety under Cheibriados
  2358 | D:1      | You fall through a shaft!
  2648 | D:5      | Reached skill level 1 in Invocations
  2758 | D:5      | Bought a potion of might for 48 gold pieces
  2758 | D:5      | Bought a potion of mutation for 96 gold pieces
  2758 | D:5      | Lost mutation: Your magical capacity is low. (-10% MP) [potion of mutation]
  2758 | D:5      | Gained mutation: Scrolls take you a little longer to read. [potion of mutation]
  2758 | D:5      | Gained mutation: You have very sharp teeth. [potion of mutation]
  2758 | D:5      | Gained mutation: You expend magic power (3 MP) to strengthen your wands. [potion of mutation]
  2758 | D:5      | Gained mutation: Your mind is acute. (Int +2) [potion of mutation]
  2815 | D:6      | Reached *** piety under Cheibriados
  2837 | D:6      | Found an ancient bone altar of Kikubaaqudgha.
  2848 | D:6      | Noticed a hand axe
  2849 | D:6      | Found a hide-covered altar of Uskayaw.
  2853 | D:6      | Noticed an enchanted dagger
  2859 | D:6      | You fall through a shaft!
  3096 | D:7      | Noticed Duvessa
  3096 | D:7      | Noticed Dowan
  3099 | D:7      | Killed Dowan
  3107 | D:7      | You fall through a shaft for 2 floors!
  3107 | D:9      | Found Zofufreagh's Distillery.
  3108 | D:9      | Noticed a yak
  3109 | D:9      | Noticed a yak
  3119 | D:9      | Killed a yak
  3119 | D:9      | Reached XP level 9. HP: 54/76 MP: 4/12
  3125 | D:9      | Reached skill level 5 in Invocations
  3160 | D:9      | Found a flagged portal.
  3211 | Bailey   | Entered a bailey
  3291 | Bailey   | Reached **** piety under Cheibriados
  3335 | Bailey   | Reached skill level 1 in Evocations
  3480 | Bailey   | Reached skill level 10 in Fighting
  3516 | Bailey   | Got a slimy large shield
  3519 | Bailey   | Got bloodstained gold dragon scales
  3534 | Bailey   | Identified the +11 gold dragon scales "Raheis Hubei" {+Blink +Fly rPois rF+ rC+ Str+3} (You found it in a bailey)
  3539 | Bailey   | Identified the +7 large shield of the Enchanted Forest {Str+2 Int+2 Dex-3} (You found it in a bailey)
  3551 | Bailey   | Noticed an orc knight
  3560 | Bailey   | Killed an orc knight
  3560 | Bailey   | Reached skill level 1 in Armour
  3560 | Bailey   | Reached skill level 2 in Unarmed Combat
  3635 | D:9      | Reached XP level 10. HP: 85/85 MP: 4/14
  3647 | D:9      | Reached skill level 3 in Unarmed Combat
  3675 | D:9      | Reached skill level 1 in Shields
  3742 | D:7      | Killed Duvessa
  3881 | D:6      | Reached skill level 4 in Unarmed Combat
  3884 | D:6      | Reached ***** piety under Cheibriados
  4067 | D:6      | Killed an enchanted dagger
  4067 | D:6      | Killed a hand axe
  4067 | D:6      | Reached skill level 5 in Unarmed Combat
  4102 | D:6      | Reached skill level 5 in Shields
  4326 | D:7      | Noticed Pikel
  4340 | D:7      | Killed Pikel
  4340 | D:7      | Reached XP level 11. HP: 90/90 MP: 10/15
  4355 | D:7      | Found a glowing silver altar of Zin.
  4356 | D:7      | Found an opulent altar of Gozag.
  4417 | D:7      | Reached skill level 6 in Unarmed Combat
  4493 | D:8      | Noticed 4thArraOfDagon's ghost (weakling FoAM)
  4511 | D:8      | Killed 4thArraOfDagon's ghost
  4537 | D:8      | Found Sittigu's Armour Emporium.
  4577 | D:8      | Noticed a two-headed ogre
  4588 | D:8      | Killed a two-headed ogre
  4664 | D:8      | Found a roughly hewn altar of Beogh.
  4673 | D:8      | Reached skill level 5 in Armour
  5079 | D:9      | Reached skill level 7 in Unarmed Combat
  5089 | D:9      | Noticed Erica
  5098 | D:9      | Killed Erica
  5117 | D:9      | Found a blossoming altar of Fedhas.
  5176 | D:9      | Noticed Joseph
  5184 | D:9      | Reached skill level 5 in Dodging
  5226 | D:9      | Killed Joseph
  5372 | D:10     | Entered Level 10 of the Dungeon
  5376 | D:10     | Noticed Sonja
  5379 | D:10     | Killed Sonja
  5379 | D:10     | Reached skill level 8 in Unarmed Combat
  5379 | D:10     | Reached XP level 12. HP: 91/97 MP: 16/16
  5381 | D:10     | Noticed Grum
  5390 | D:10     | Killed Grum
  5647 | D:10     | Noticed a two-headed ogre
  5657 | D:10     | Killed a two-headed ogre
  5868 | D:11     | Found a staircase to the Orcish Mines.
  6009 | D:11     | Noticed an unseen horror
  6020 | D:11     | Killed an unseen horror
  6020 | D:11     | Reached skill level 9 in Unarmed Combat
  6140 | D:11     | Reached skill level 10 in Shields
  6248 | Orc:1    | Entered Level 1 of the Orcish Mines
  6300 | Orc:1    | Learned a level 3 spell: Regeneration
  6365 | Orc:1    | Noticed Gastronok
  6392 | Orc:1    | Killed Gastronok
  6400 | Orc:1    | Noticed a two-headed ogre
  6443 | Orc:1    | Killed a two-headed ogre
  6505 | Orc:2    | Entered Level 2 of the Orcish Mines
  6505 | Orc:2    | Noticed an orc warlord
  6508 | Orc:2    | Noticed an orc warlord
  6509 | Orc:2    | Reached skill level 1 in Necromancy
  6509 | Orc:2    | Reached XP level 13. HP: 88/103 MP: 11/17
  6509 | Orc:2    | Reached skill level 1 in Charms
  6512 | Orc:2    | Noticed a centaur warrior
  6521 | Orc:1    | Killed an orc warlord
  6559 | Orc:1    | Killed an orc warlord
  6559 | Orc:1    | Reached skill level 10 in Unarmed Combat
  6582 | Orc:2    | Killed a centaur warrior
  6716 | Orc:2    | Found a roughly hewn altar of Beogh.
  6914 | Orc:2    | Found a staircase to the Elven Halls.
  6975 | Orc:1    | Noticed Snorg
  6977 | Orc:1    | Noticed an orc warlord
  6985 | Orc:1    | Killed Snorg
  7011 | Orc:1    | Killed an orc warlord
  7026 | Orc:1    | Reached XP level 14. HP: 85/110 MP: 11/19
  7343 | Orc:2    | Found Faluqeat's Book Shop.
  7343 | Orc:2    | Found Evevvire's Antique Armour Shoppe.
  7345 | Orc:2    | Found Yjug Fel's Weapon Emporium.
  7347 | Orc:2    | Found Muebae Jejo's Jewellery Boutique.
  7484 | Orc:2    | Bought a +4 ring of slaying for 1248 gold pieces
  7537 | Elf:1    | Entered Level 1 of the Elven Halls
  7562 | Elf:1    | Reached skill level 5 in Charms
  7562 | Elf:1    | Reached skill level 5 in Necromancy
  7580 | Elf:1    | Found a radiant altar of Vehumet.
  7653 | Elf:1    | Reached skill level 11 in Unarmed Combat
  8051 | Elf:1    | Reached ****** piety under Cheibriados
  8111 | Elf:1    | Found an ancient bone altar of Kikubaaqudgha.
  8203 | Elf:1    | Noticed a deep elf demonologist
  8205 | Elf:1    | Noticed a Brimstone Fiend
  8208 | Elf:1    | Killed a deep elf demonologist
  8249 | Elf:1    | Noticed a deep elf sorcerer
  8259 | Elf:1    | Killed a deep elf sorcerer
  8259 | Elf:1    | Reached skill level 5 in Spellcasting
  8259 | Elf:1    | Reached XP level 15. HP: 115/115 MP: 22/22
  8515 | Elf:1    | Reached skill level 12 in Unarmed Combat
  8537 | Elf:2    | Noticed a deep elf sorcerer
  8549 | Elf:1    | Killed a deep elf sorcerer
  8642 | Elf:2    | Found a runed gate.
  8642 | Elf:2    | Found a runed gate.
  8642 | Elf:2    | Found a runed gate.
  8694 | Elf:3    | Entered Level 3 of the Elven Halls
  8727 | Elf:3    | Noticed a deep elf sorcerer
  8760 | Elf:3    | Killed a deep elf sorcerer
  8832 | Elf:3    | Reached skill level 10 in Armour
  8884 | Elf:3    | Noticed a deep elf sorcerer
  8896 | Elf:3    | Killed a deep elf sorcerer
  9152 | Elf:3    | Reached XP level 16. HP: 119/122 MP: 23/23
  9318 | Elf:3    | Reached skill level 13 in Unarmed Combat
  9405 | Elf:3    | Identified the Disquisition on Dark Rituals
  9558 | Elf:3    | Reached skill level 15 in Shields
  9608 | Elf:3    | Noticed a deep elf blademaster
  9622 | Elf:3    | Killed a deep elf blademaster
  9636 | Elf:3    | Noticed a deep elf sorcerer
  9650 | Elf:3    | Killed a deep elf sorcerer
  9690 | Elf:3    | Noticed a deep elf blademaster
  9706 | Elf:3    | Killed a deep elf blademaster
  9785 | Elf:3    | Noticed a deep elf master archer
  9797 | Elf:3    | Killed a deep elf master archer
  9797 | Elf:3    | Reached skill level 14 in Unarmed Combat
  9859 | Elf:3    | Noticed a large abomination
  9876 | Elf:3    | Killed a large abomination
  9946 | Elf:3    | Reached XP level 17. HP: 128/128 MP: 24/24
  9949 | Elf:3    | Got a crude war axe {elec}
  9949 | Elf:3    | Got a sparkling turquoise ring
  9951 | Elf:3    | Identified the ring of Perfectionism {rCorr rPois MP+9 Str-5 SInv} (You took it off a deep elf annihilator on level 3 of the Elven Halls)
  9987 | Elf:3    | Reached skill level 10 in Dodging
 10130 | Elf:3    | Noticed a deep elf master archer
 10145 | Elf:3    | Killed a deep elf master archer
 10194 | Elf:3    | Got a scintillating copper amulet
 10197 | Elf:3    | Identified the amulet of Durhijy {RegenMP rPois Str+4} (You took it off a deep elf annihilator on level 3 of the Elven Halls)
 10199 | Elf:3    | Identified the +8 war axe "Ushac" {elec, rC++ MP-9 SInv Stlth+} (You took it off a deep elf annihilator on level 3 of the Elven Halls)
 10326 | Elf:3    | Found the +3 Elemental Staff {rElec rF++ rC++ MR++ AC+5}
 10335 | Elf:3    | Identified Ugonebb's Reference Book on Darkness
 10339 | Elf:3    | Learned a level 2 spell: Sublimation of Blood
 10340 | Elf:3    | Found the +15 Maxwell's patent armour {-Cast -Tele rElec MR+ rCorr}
 10363 | Elf:3    | Got a shimmering marble ring
 10372 | Elf:3    | Identified the ring "Gaofanaig" {rN+ Int+4 SInv} (You found it on level 3 of the Elven Halls)
 10569 | Elf:2    | Reached skill level 15 in Unarmed Combat
 11028 | D:9      | Bought a potion of heal wounds for 55 gold pieces
 11028 | D:9      | Bought a potion of heal wounds for 55 gold pieces
 11028 | D:9      | Bought 2 potions of mutation for 176 gold pieces
 11028 | D:9      | Bought a potion of curing for 33 gold pieces
 11028 | D:9      | Bought a potion of curing for 33 gold pieces
 11028 | D:9      | Bought a potion of resistance for 110 gold pieces
 11028 | D:9      | Bought a potion of brilliance for 44 gold pieces
 11028 | D:9      | Bought a potion of curing for 33 gold pieces
 11064 | D:9      | Found a staircase to the Lair.
 11068 | Lair:1   | Entered Level 1 of the Lair of Beasts
 11080 | Lair:1   | You fall through a shaft!
 11103 | Lair:2   | Found a frozen archway.
 11136 | IceCv    | Entered an ice cave
 11216 | IceCv    | Identified the Incunabulum of Igneous Lightness
 11451 | IceCv    | Reached XP level 18. HP: 119/134 MP: 25/25
 11851 | Lair:5   | Found a labyrinth entrance.
 11874 | Lab      | Entered a labyrinth
 12178 | Lab      | Got an amethyst-studded chain mail
 12186 | Lab      | Identified the +3 chain mail of Quwkudyf {rCorr} (You found it in a labyrinth)
 12222 | Lair:6   | Entered Level 6 of the Lair of Beasts
 12392 | Lair:6   | Reached skill level 16 in Unarmed Combat
 12392 | Lair:6   | Reached skill level 10 in Invocations
 12564 | Lair:6   | Noticed Kirke
 12583 | Lair:6   | Killed Kirke
 12716 | Lair:6   | Identified Neasoas's Handbook of Supportive Attacks
 13106 | Lair:5   | Noticed DEFE's ghost (journeyman DEAM)
 13119 | Lair:5   | Killed DEFE's ghost
 13519 | Lair:1   | Got a brightly glowing glass ring
 13528 | Lair:1   | Identified the ring of Ruwate Fiot {Str+6 Stlth-} (You found it on level 1 of the Lair of Beasts)
 13765 | Lair:2   | Found a deep blue altar of Sif Muna.
 13821 | Lair:3   | Found a hole to the Spider Nest.
 13822 | Lair:3   | Found a staircase to the Swamp.
 13826 | Spider:1 | Entered Level 1 of the Spider Nest
 14138 | Spider:1 | Reached skill level 17 in Unarmed Combat
 14190 | Spider:2 | Reached XP level 19. HP: 138/140 MP: 26/26
 14366 | Spider:2 | Lost mutation: Scrolls take you a little longer to read. [potion of mutation]
 14366 | Spider:2 | Lost mutation: You expend magic power (3 MP) to strengthen your wands. [potion of mutation]
 14366 | Spider:2 | Lost mutation: Your mind is acute. (Int +2) [potion of mutation]
 14366 | Spider:2 | Gained mutation: Your muscles are strong. (Str +2) [potion of mutation]
 14366 | Spider:2 | Gained mutation: You occasionally shout uncontrollably at your foes. [potion of mutation]
 14366 | Spider:2 | Gained mutation: You are resistant to hostile enchantments. (MR+) [potion of mutation]
 14845 | Spider:4 | Entered Level 4 of the Spider Nest
 14864 | Spider:4 | Noticed Aizul
 14885 | Spider:4 | Killed Aizul
 14905 | Spider:4 | Noticed Asterion
 14922 | Spider:4 | Killed Asterion
 14999 | Spider:4 | Noticed B1inky's ghost (adept OpFi)
 15083 | Spider:4 | Killed B1inky's ghost
 15145 | Spider:4 | Reached skill level 18 in Unarmed Combat
 15510 | Spider:4 | Noticed Jorgrun
 15513 | Spider:4 | Reached XP level 20. HP: 138/147 MP: 24/27
 15518 | Spider:4 | Killed Jorgrun
 15546 | Spider:4 | Got a gossamer rune of Zot
 15769 | Swamp:1  | Entered Level 1 of the Swamp
 15850 | Swamp:1  | Reached skill level 15 in Armour
 16276 | Swamp:3  | Reached skill level 19 in Unarmed Combat
 16414 | Swamp:4  | Entered Level 4 of the Swamp
 16581 | Swamp:4  | Noticed the 27-headed Lernaean hydra
 16588 | Swamp:4  | Killed the 27-headed Lernaean hydra
 16718 | Swamp:4  | Got a decaying rune of Zot
 16975 | Lair:3   | You fall through a shaft for 2 floors!
 16995 | Lair:5   | Found a staircase to the Slime Pits.
 17034 | Slime:1  | Entered Level 1 of the Pits of Slime
 17070 | Lair:5   | Reached XP level 21. HP: 142/154 MP: 28/28
 17266 | Slime:1  | Gained mutation: Your body sometimes deteriorates upon taking damage. [a shining eye]
 17266 | Slime:1  | Gained mutation: Your magical capacity is low. (-10% MP) [a shining eye]
 17294 | Lair:5   | You fall through a shaft!
 17381 | Slime:2  | Gained mutation: You are clumsy. (Dex -2) [a shining eye]
 17457 | Slime:3  | Killed Donald
 17619 | Slime:5  | Entered Level 5 of the Pits of Slime
 17630 | Slime:5  | Reached skill level 20 in Unarmed Combat
 17978 | Slime:5  | Noticed the Royal Jelly
 18015 | Slime:5  | Found a viscous altar of Jiyva.
 18037 | Slime:5  | Found the +10 Black Knight's horse barding {ponderous, rPois rN+}
 18108 | Slime:5  | Killed the Royal Jelly
 18108 | Slime:5  | Reached XP level 22. HP: 89/165 MP: 25/26
 18163 | Slime:5  | Got a slimy rune of Zot
 18169 | Slime:5  | Identified the +8 fustibalus of Defence by Offence {flame, rPois rF+ Int+2} (You found it on level 5 of the Pits of Slime)
 18193 | Slime:5  | Identified the +1 chain mail of Happy Babbling {+Fly rN+++ Dex-5 Stlth+} (You found it on level 5 of the Pits of Slime)
 18222 | Slime:5  | Identified the +9 mace of Massacring {crush, Stlth+} (You found it on level 5 of the Pits of Slime)
 18236 | Slime:5  | Identified a scroll of acquirement
 18468 | D:9      | You fall through a shaft for 2 floors!
 18504 | D:12     | Lost mutation: Your magical capacity is low. (-10% MP) [potion of mutation]
 18504 | D:12     | Lost mutation: You occasionally shout uncontrollably at your foes. [potion of mutation]
 18504 | D:12     | Gained mutation: You do not regenerate when monsters are visible. [potion of mutation]
 18504 | D:12     | Gained mutation: You are partially covered in yellow scales. (AC +2) [potion of mutation]
 18504 | D:12     | Gained mutation: You are partially covered in thin metallic scales. (AC +2) [potion of mutation]
 18505 | D:12     | Lost mutation: Your muscles are strong. (Str +2) [potion of mutation]
 18505 | D:12     | Lost mutation: You are clumsy. (Dex -2) [potion of mutation]
 18505 | D:12     | Lost mutation: Your body sometimes deteriorates upon taking damage. [potion of mutation]
 18505 | D:12     | Gained mutation: You have sharp toenails. [potion of mutation]
 18505 | D:12     | Gained mutation: You have razor-sharp toenails. [potion of mutation]
 18671 | D:14     | You fall through a shaft!
 18671 | D:15     | Entered Level 15 of the Dungeon
 19267 | D:13     | Noticed Urug
 19279 | D:13     | Killed Urug
 19338 | D:13     | Found a gate to the Vaults.
 19380 | Vaults:1 | Entered Level 1 of the Vaults
 19663 | Vaults:1 | Reached skill level 21 in Unarmed Combat
 19778 | Vaults:1 | Found a flickering gateway to a bazaar.
 19783 | Bazaar   | Entered a bazaar
 19783 | Bazaar   | Found Kialoz's Gadget Boutique.
 19783 | Bazaar   | Found Gyjaun's Magic Scroll Shop.
 19783 | Bazaar   | Found Ejyn's Book Shoppe.
 19786 | Bazaar   | Found Xiemilaa's Antique Armour Emporium.
 19786 | Bazaar   | Found Dafompo's Assorted Antiques.
 19828 | Bazaar   | Bought a book of the Earth for 585 gold pieces
 19828 | Bazaar   | Bought a book of Spatial Translocations for 585 gold pieces
 19838 | Bazaar   | Learned a level 9 spell: Shatter
 19843 | Bazaar   | Learned a level 4 spell: Passage of Golubria
 19852 | Bazaar   | Learned a level 6 spell: Statue Form
 19856 | Bazaar   | Learned a level 3 spell: Lesser Beckoning
 19863 | Bazaar   | Bought a potion of curing for 81 gold pieces
 19914 | Vaults:2 | Reached skill level 1 in Earth Magic
 19949 | Vaults:2 | Noticed Bai Suzhen
 19986 | Vaults:2 | Killed Bai Suzhen
 20112 | Vaults:2 | Reached XP level 23. HP: 152/174 MP: 30/30
 20173 | Vaults:2 | You fall through a shaft!
 20226 | Vaults:3 | Found a staircase to the Crypt.
 20265 | Vaults:3 | Found Noeraq's Distillery.
 20416 | Vaults:3 | Bought a potion of agility for 60 gold pieces
 20416 | Vaults:3 | Bought a potion of might for 60 gold pieces
 20416 | Vaults:3 | Bought 2 potions of heal wounds for 150 gold pieces
 20416 | Vaults:3 | Bought a potion of curing for 45 gold pieces
 20476 | Vaults:5 | Entered Level 5 of the Vaults
 20516 | Vaults:4 | Reached skill level 5 in Earth Magic
 20566 | Vaults:4 | Reached skill level 15 in Dodging
 20724 | Vaults:5 | Noticed a golden dragon
 20730 | Vaults:5 | Noticed an ancient lich
 20735 | Vaults:5 | Killed a golden dragon
 20744 | Vaults:5 | Killed an ancient lich
 20810 | Vaults:5 | Reached XP level 24. HP: 49/184 MP: 24/30
 20851 | Vaults:5 | HP: 8/184 [large abomination[a deep elf death mage] (14)]
 20871 | Vaults:5 | HP: 6/184 [yaktaur captain/bolt (30)]
 20882 | Vaults:5 | Reached skill level 22 in Unarmed Combat
 20893 | Vaults:5 | Killed from afar by a deep elf mage

Vault maps used:
D:1:      zelgadis_glass_arrival_small, st_stairs_8
D:2:      lemuel_crystal_altar, corexii_leaking_fountain
D:4:      nicolae_overflow_crystal_walls, gammafunk_temple_overflow_forgotten,
          uniq_natasha
D:5:      cheibrodos_helix_gallery, first_ration, serial_shops, shop
D:6:      grunt_dithmenos_smoke, kiku_gazebo_pond_becter,
          dancing_weapons_uskayaw, minmay_temple_entry_grid, serial_gnoll_camp,
          gnoll_camp_mini_house, gnoll_camp_huts_moat, gnoll_camp_mini_hut
D:7:      grunt_temple_overflow_gold_and_silver, grunt_livestock, uniq_pikel,
          uniq_duvessa
D:8:      kennysheep_okawaru_gauntlet, serial_shops, shop, serial_glass,
          glass_columns_a, glass_columns_c, special_room
D:9:      marbit_many_paths, lair_entry_dummy, enter_bailey_3, serial_shops,
          shop_fountains, uniq_erica, uniq_joseph
D:10:     serial_co_window_serial, co_window_paths_b, co_window_paths_a,
          co_window_corner_a, co_window_cross_1, co_window_corner_a,
          co_window_paths_a, co_window_paths_a, co_window_of_opportunity_c,
          co_window_corner_b, co_window_unsneaky_path_c, co_window_broadway_c,
          co_window_broadway_a, glass_columns_a, uniq_sonja, uniq_grum
D:11:     orc_0_dummy
D:12:     kennysheep_treasure_room, uniq_fannar
D:13:     minmay_tile_spiral, david_vaults_2, uniq_urug
D:14:     minivault_11
D:15:     grunt_enter_depths_magical_seal, nrook_mini_vaults, grunt_decor_cap,
          hangedman_decor_opposing
Temple:   compressed_dpeg_circular_temple
Lair:1:   minmay_lair_oklob_chamber
Lair:2:   portal_ice_cave_entry_ice_beasts, lemuel_oklob_altar
Lair:3:   swamp_mist, nicolae_spider_entry_tight_spaces, st_stairs_3,
          lemuel_fruit_fields, serial_bayou_shore_a, grunt_megastairs_3,
          lemuel_fruit_fields
Lair:4:   kennysheep_basilisk_garden
Lair:5:   minmay_slime_entry_oklob_enclosed, lab_entry_generic, minmay_holes,
          serial_bayou_lagoon_b
Lair:6:   minmay_lair_end_enchanted_forest, minmay_lair_drake_nest, uniq_kirke
Swamp:1:  evilmike_swamp_ruin_house_1, infiniplex_staircase_pool
Swamp:2:  evilmike_swamp_ruin_house_4, swamp_pool5,
          nicolae_swamp_feature_on_the_river_bank
Swamp:3:  hangedman_swamp_pad
Swamp:4:  swamp_old_school, infiniplex_staircase_pool_2
Spider:1: hive_lemuel
Spider:3: nicolae_spider_cling_ruins
Spider:4: floodkiller_spider_rune_tomb, uniq_aizul, uniq_jorgrun, uniq_asterion
Slime:2:  cheibrodos_slime_lost_civilization_7
Slime:3:  uniq_donald
Orc:1:    uniq_snorg, uniq_gastronok
Orc:2:    st_orc_rangers, kennysheep_orc_chapel
Elf:1:    eino_elf_arrival_altar, basic_altar, hangedman_elf_represent,
          minmay_strange_pillars
Elf:2:    nicolae_elf_w_pinch
Elf:3:    elf_hall, minivault_25, minmay_elf_necromancy
Vaults:1: v_alt_pattern_4, nicolae_vaults_network_s, nicolae_vaults_alarming,
          v_misc_27, nicolae_vaults_mini_display_case,
          nicolae_vaults_network_square, hangedman_vaults_hat,
          vaults_room_fancy_cross, vaults_room_hallway,
          nicolae_vaults_angled_halls, serial_shops, bzr_entry_road
Vaults:2: v_rooms_5, serial_ice_g, ontoclasm_vaults_shout, v_misc_26,
          nicolae_vaults_what_the_h, vaults_standard_mumra_lines,
          hangedman_vaults_stitches, hangedman_vaults_pinch,
          ontoclasm_vaults_idyll, uniq_bai_suzhen
Vaults:3: v_rooms_3, vaults_room_pools, hangedman_vaults_stagger,
          minmay_crypt_entry_simple_box, grunt_vaults_diagonal,
          nicolae_vaults_little_squares_4, v_pattern_4,
          nicolae_vaults_ring_of_whatevers, vaults_dpeg_diagonal,
          nicolae_vaults_know_your_exits, serial_shops,
          nicolae_shop_window_shopping, shop, shop
Vaults:4: v_misc_16, hangedman_vaults_trim, hangedman_vaults_locks,
          vaults_room_glass_cross, nicolae_vaults_border_crossing,
          vaults_dpeg_ring, v_rooms_1, v_misc_10, nicolae_vaults_three_branches,
          ontoclasm_vaults_twist, ontoclasm_vaults_decontamination
Vaults:5: serial_shops
Bazaar:   bazaar_minmay_generic_island
Bailey:   bailey_polearm_1, bailey
IceCv:    ice_cave_caverns_03

Skill      XL: |  1  2  3  4  5  6  7  8  9 10 11 12 13 14 15 16 17 18 19 20 21 22 23 24 |
---------------+-------------------------------------------------------------------------+-----
Crossbows      | 3 4 5 |  5.1
Fighting       | 3 5 7 9 10 11 12 13 | 13.8
Invocations    | 4 6 7 9 10 | 10.0
Evocations     | 3 |  3.4
Armour         | 2 4 6 7 8 9 10 11 12 13 14 15 16 17 | 17.6
Dodging        | 2 4 5 6 7 8 9 10 11 12 13 14 15 | 15.3
Unarmed Combat | 2 5 8 9 10 11 12 14 15 17 18 19 20 21 22 | 22.0
Shields        | 5 8 10 11 12 14 15 | 15.0
Spellcasting   | 2 3 5 |  5.0
Necromancy     | 1 4 6 |  6.3
Charms         | 4 6 |  6.2
Earth Magic    | 2 8 9 |  9.1
Hexes          | |  3.6

Action                   |  1- 3 |  4- 6 |  7- 9 | 10-12 | 13-15 | 16-18 | 19-21 | 22-24 || total
-------------------------+-------+-------+-------+-------+-------+-------+-------+-------++-------
Melee: Halberd           |       |     5 |       |       |       |       |       |       ||     5
       Dire flail        |       |    33 |   166 |       |       |       |       |       ||   199
       Flail             |       |       |   132 |   130 |       |       |       |       ||   262
       Bite              |       |       |    14 |   174 |   180 |   282 |   300 |   206 ||  1156
       Unarmed           |       |       |       |   630 |   828 |  1297 |  1356 |  1012 ||  5123
 Fire: Hand crossbow     |    62 |    58 |    20 |       |       |       |       |       ||   140
Throw: Throwing net      |       |     1 |       |       |     5 |     1 |       |       ||     7
 Cast: Regeneration      |       |       |       |       |    21 |    62 |    81 |    33 ||   197
       Corona            |       |       |       |       |       |     1 |       |       ||     1
Invok: Slouch            |       |       |       |     7 |    12 |     4 |     9 |    21 ||    53
       Bend Time         |       |       |       |     1 |       |       |       |       ||     1
       Temporal Distorti |       |       |       |       |       |       |     6 |       ||     6
 Abil: Dig               |     4 |    15 |    36 |    55 |    20 |    71 |    26 |    17 ||   244
       Shaft Self        |     1 |       |     2 |       |       |     1 |     2 |     3 ||     9
Evoke: Wand              |       |       |    14 |       |       |     3 |    15 |     2 ||    34
       Phial of floods   |       |       |       |     1 |       |       |     1 |       ||     2
       Lamp of fire      |       |       |       |       |       |       |       |     1 ||     1
       Sack of spiders   |       |       |       |       |       |       |       |     1 ||     1
  Use: Potion            |     2 |       |     3 |       |     2 |       |     4 |    22 ||    33
       Scroll            |     1 |       |     3 |       |    10 |    21 |     4 |    12 ||    51
 Stab: Distracted        |       |       |       |     1 |       |       |       |       ||     1
       Held in net/web   |       |       |       |       |     1 |       |       |       ||     1
       Paralysed         |       |       |       |       |       |       |    10 |       ||    10
  Eat: Chunk             |       |     3 |    10 |    13 |     8 |     6 |     5 |     9 ||    54
       Ration            |       |     1 |       |       |     1 |     4 |     5 |     1 ||    12
Armor: Scale mail        |     6 |    26 |       |       |       |       |       |       ||    32
       Chain mail        |       |     5 |   205 |       |       |       |       |       ||   210
       Gold dragon scale |       |       |     1 |   219 |   148 |   291 |   470 |   212 ||  1341
       Plate armour      |       |       |       |       |       |       |    16 |       ||    16
Dodge: Dodged            |    12 |    48 |   222 |   101 |   132 |   291 |   500 |   286 ||  1592
Block: Large shield      |       |       |     4 |   918 |   962 |  1426 |  1921 |  1250 ||  6481

Table legend:
 A = Spawn XP
 B = Non-spawn XP
 C = Spawn XP percentage of total XP
 D = Spawn monster count
 E = Non-spawn monster count
 F = Spawn count percentage of total count
 G = Total turns spent on level
                    A         B        C        D         E        F      G
               +---------+---------+-------+---------+---------+-------+---------
         Total |       0 |  722439 |   0.0 |       0 |    1637 |   0.0 | 20893
               +---------+---------+-------+---------+---------+-------+---------
           D:1 |       0 |      32 |   0.0 |       0 |      16 |   0.0 |   305
           D:2 |       0 |      43 |   0.0 |       0 |      17 |   0.0 |   296
           D:3 |       0 |     135 |   0.0 |       0 |      22 |   0.0 |   447
           D:4 |       0 |     591 |   0.0 |       0 |      16 |   0.0 |   469
           D:5 |       0 |     287 |   0.0 |       0 |      15 |   0.0 |   753
           D:6 |       0 |    2999 |   0.0 |       0 |      52 |   0.0 |  1036
           D:7 |       0 |    1682 |   0.0 |       0 |      16 |   0.0 |   493
           D:8 |       0 |    1861 |   0.0 |       0 |      32 |   0.0 |   500
           D:9 |       0 |    5833 |   0.0 |       0 |      53 |   0.0 |   693
          D:10 |       0 |    4143 |   0.0 |       0 |      25 |   0.0 |   508
          D:11 |       0 |    3396 |   0.0 |       0 |      25 |   0.0 |   426
          D:12 |       0 |    2123 |   0.0 |       0 |      14 |   0.0 |    95
          D:13 |       0 |    3725 |   0.0 |       0 |      13 |   0.0 |   183
          D:14 |       0 |    8215 |   0.0 |       0 |      28 |   0.0 |   273
          D:15 |       0 |   18723 |   0.0 |       0 |      40 |   0.0 |   344
        Lair:1 |       0 |    2145 |   0.0 |       0 |       8 |   0.0 |   159
        Lair:2 |       0 |    2647 |   0.0 |       0 |      12 |   0.0 |   315
        Lair:3 |       0 |    4597 |   0.0 |       0 |      21 |   0.0 |   406
        Lair:4 |       0 |    1695 |   0.0 |       0 |       9 |   0.0 |   335
        Lair:5 |       0 |   27591 |   0.0 |       0 |      60 |   0.0 |   687
        Lair:6 |       0 |   23576 |   0.0 |       0 |      83 |   0.0 |   698
       Swamp:1 |       0 |    7790 |   0.0 |       0 |      13 |   0.0 |   133
       Swamp:2 |       0 |    9478 |   0.0 |       0 |      36 |   0.0 |   307
       Swamp:3 |       0 |    7159 |   0.0 |       0 |      18 |   0.0 |   297
       Swamp:4 |       0 |   27779 |   0.0 |       0 |      40 |   0.0 |   407
      Spider:1 |       0 |   18304 |   0.0 |       0 |      59 |   0.0 |   349
      Spider:2 |       0 |   19752 |   0.0 |       0 |      49 |   0.0 |   425
      Spider:3 |       0 |   17039 |   0.0 |       0 |      42 |   0.0 |   317
      Spider:4 |       0 |   55491 |   0.0 |       0 |      97 |   0.0 |   844
       Slime:1 |       0 |   10446 |   0.0 |       0 |      16 |   0.0 |   124
       Slime:2 |       0 |    1406 |   0.0 |       0 |       4 |   0.0 |    37
       Slime:3 |       0 |    7788 |   0.0 |       0 |       9 |   0.0 |    97
       Slime:4 |       0 |   18445 |   0.0 |       0 |      31 |   0.0 |   296
       Slime:5 |       0 |   39313 |   0.0 |       0 |      24 |   0.0 |   463
         Orc:1 |       0 |   14721 |   0.0 |       0 |      56 |   0.0 |   602
         Orc:2 |       0 |   13220 |   0.0 |       0 |     110 |   0.0 |   743
         Elf:1 |       0 |   32456 |   0.0 |       0 |      50 |   0.0 |  1000
         Elf:2 |       0 |   33457 |   0.0 |       0 |      47 |   0.0 |   680
         Elf:3 |       0 |   75751 |   0.0 |       0 |      78 |   0.0 |  1700
      Vaults:1 |       0 |   37762 |   0.0 |       0 |      66 |   0.0 |   446
      Vaults:2 |       0 |   28838 |   0.0 |       0 |      42 |   0.0 |   365
      Vaults:3 |       0 |    6626 |   0.0 |       0 |      10 |   0.0 |   165
      Vaults:4 |       0 |   28566 |   0.0 |       0 |      29 |   0.0 |   232
      Vaults:5 |       0 |   78661 |   0.0 |       0 |      67 |   0.0 |   221
           Lab |       0 |    1111 |   0.0 |       0 |       1 |   0.0 |   314
        Bailey |       0 |    1448 |   0.0 |       0 |      17 |   0.0 |   384
         IceCv |       0 |   13593 |   0.0 |       0 |      49 |   0.0 |   372
               +---------+---------+-------+---------+---------+-------+---------
